 Dungeon Crawl Stone Soup version 0.26-a0-667-g92642533e4 (webtiles) character file.

Game seed: 3110043724594200459

4875 bennofresh the Spear-Bearer (level 10, -3/63 HPs)
             Began as a Gargoyle Gladiator on Oct 18, 2020.
             Was a Priest of Makhleb.
             Slain by a basilisk (5 damage)
             ... on level 1 of the Lair of Beasts.
             The game lasted 00:53:14 (7775 turns).

bennofresh the Spear-Bearer (Gargoyle Gladiator)    Turns: 7775, Time: 00:53:15

Health: -3/63      AC: 22    Str: 18    XL:     10   Next: 50%
Magic:  0/10       EV:  9    Int: 10    God:    Makhleb [***...]
Gold:   465        SH:  0    Dex: 13    Spells: 5/9 levels left

rFire    + . .     SeeInvis .   H - +2 trident (flame)
rCold    . . .     Faith    .   (no shield)
rNeg     + . .     Spirit   +   A - +3 chain mail {rF+}
rPois    ∞         Reflect  .   q - +0 helmet
rElec    +         Harm     .   (no cloak)
rCorr    .         Rampage  .   (no gloves)
MR       +....                  (no boots)
Stlth    ..........             s - amulet of guardian spirit
HPRegen  0.20/turn              h - ring of protection from magic
MPRegen  0.12/turn              m - ring of wizardry

@: no status effects
A: blink, mutation resistance 1, negative energy resistance 1, sense
surroundings 1, electricity resistance, unbreathing, petrification resistance,
rot immunity, AC +7
a: Blink, Minor Destruction, Lesser Servant of Makhleb, Renounce Religion


You were on level 1 of the Lair of Beasts.
You worshipped Makhleb.
Makhleb was most pleased with you.
You visited 3 branches of the dungeon, and saw 11 of its levels.
You also visited: Ossuary.

You collected 465 gold pieces.

Inventory:

Hand Weapons
 a - a +0 quarterstaff
 t - a +1 trident of protection
 y - a +2 vampiric trident
 D - a +2 battleaxe of freezing
 H - a +2 trident of flaming (weapon)
Armour
 b - a +0 leather armour
 c - a +1 helmet
 f - a +0 ring mail
 i - a +0 buckler
 q - a +0 helmet (worn)
 r - a +0 scale mail
 v - a +0 plate armour
 A - a +3 chain mail of fire resistance (worn)
Magical Staves
 n - an uncursed staff of poison
 J - an uncursed staff of poison
Jewellery
 h - a ring of protection from magic (left hand)
 m - a ring of wizardry (right hand)
 p - an uncursed amulet of faith
 s - an amulet of guardian spirit (around neck)
 u - an uncursed ring of ice
 G - an uncursed amulet of magic regeneration {unknown}
Wands
 E - a wand of paralysis (20)
 I - a wand of acid (9)
Scrolls
 g - 3 scrolls of blinking
 j - 4 scrolls of amnesia
 k - 4 scrolls of teleportation
 l - 6 scrolls of remove curse
 F - 3 scrolls of torment
 K - a scroll of enchant weapon
Potions
 d - a potion of invisibility
 e - a potion of haste
 o - a potion of stabbing
 w - 3 potions of ambrosia
 x - 2 potions of curing
 z - a potion of mutation
 B - 2 potions of flight
 C - a potion of lignification {unknown}


   Skills:
 + Level 7.4 Fighting
 + Level 9.0(9.6) Polearms
 + Level 5.9(8.7) Staves
 + Level 1.9 Throwing
 + Level 7.4 Armour
 + Level 4.1 Dodging
 + Level 0.6 Stealth


You had 5 spell levels left.
You knew the following spells:

 Your Spells              Type           Power        Failure   Level
a - Summon Lightning Spi  Summ/Air       #.......     100%        4

Your spell library contained the following spells:

 Spells                   Type           Power        Failure   Level
 Summon Small Mammal      Summ           #...         80%         1
 Call Imp                 Summ           #.......     90%         2
 Call Canine Familiar     Summ           #.......     98%         3
 Summon Guardian Golem    Hex/Summ       #.......     98%         3
 Summon Ice Beast         Ice/Summ       #.......     100%        4


Dungeon Overview and Level Annotations

Branches:
Dungeon (9/15)             Temple (1/1) D:6            Lair (1/6) D:9
Ossuary (visited)
    Orc: D:9-12

Altars:
Ashenzari
Cheibriados
Dithmenos
Elyvilon
Fedhas
Gozag
Hepliaklqana
Kikubaaqudgha
Makhleb
Nemelex Xobeh
Okawaru
Qazlal
Ru
Sif Muna
Trog
Uskayaw
Vehumet
Wu Jian
Xom
Yredelemnul
Zin
The Shining One


Innate Abilities, Weirdness & Mutations

You are resistant to torment.
Your stone body is resilient. (AC +7)
You are immune to poison.
You resist negative energy. (rN+)
You are resistant to electric shocks. (rElec)
You can survive without breathing.
You are immune to petrification.
You are immune to rotting.
You can translocate small distances at will.
You are somewhat resistant to further mutation.
You passively map a small area around you.


Message History

* * * LOW HITPOINT WARNING * * *
The six-headed hydra bites you but does no damage.
The yak barely misses you.
You hit the yak. You burn the yak.
The yak is moderately wounded.
The basilisk bites you but does no damage.
The yak closely misses you. The yak barely misses you.
The six-headed hydra bites you but does no damage.
The six-headed hydra bites you.
* * * LOW HITPOINT WARNING * * *
The six-headed hydra bites you!
* * * LOW HITPOINT WARNING * * *
The six-headed hydra bites you.
* * * LOW HITPOINT WARNING * * *
The six-headed hydra barely misses you. The six-headed hydra bites you.
* * * LOW HITPOINT WARNING * * *
You completely miss the yak.
The yak is moderately wounded.
The yak barely misses you. The basilisk bites you.
You die...

...,.......... .. ..
.?................
..##.##.................
* #......#..........##+..
.#......#......#......#.
........................
*.#.....Y#......#......'.
......YD#......'......#.
......Y@lY............#.
.#....Y.#......#......#.
##.#####......#........ *
.. .........#P.#####. .,
, ................... ,
.................... * ,
.$..................
.................... ,
..............


You could see a six-headed hydra, 5 yaks and a basilisk.

Vanquished Creatures
  The ghost of Murumi the Fighter, a novice OgCj of Okawaru (D:9)
  A deep troll (D:9)
  Pikel (D:6)
  A yak (Lair:1)
  A water moccasin (Lair:1)
  Duvessa (D:5)
  3 sky beasts
  An eye of draining (D:9)
  4 ogres
  A centaur (D:4)
  2 elf zombies (Ossuary)
  2 big kobolds
  2 bullfrogs
  2 scorpions
  Dowan (D:5)
  7 wights
  2 howler monkeys
  A centaur zombie (D:9)
  3 hounds
  3 human zombies (Ossuary)
  6 orc priests
  A bullfrog zombie (D:9)
  A jelly (D:7)
  A bullfrog skeleton (D:8)
  A centaur skeleton (D:4)
  4 orc wizards
  6 worker ants
  A hound skeleton (D:7)
  A hound zombie (Ossuary)
  3 mummies (Ossuary)
  A howler monkey zombie (D:6)
  A howler monkey skeleton (D:6)
  9 adders
  11 gnolls
  2 shadow imps
  2 white imps
  An ufetubus (D:9)
  3 adder skeletons
  7 adder zombies
  3 worms
  A dart slug (D:1)
  7 leopard geckos
  20 orcs
  4 bats
  4 giant cockroaches
  4 goblins
  9 hobgoblins
  10 jackals
  10 kobolds
  6 quokkas
  A ball python (D:2)
  7 frilled lizards
  A gnoll zombie (Ossuary)
  4 goblin zombies (Ossuary)
  2 hobgoblin zombies (Ossuary)
  3 jackal zombies (Ossuary)
  A kobold zombie (Ossuary)
  A leopard gecko skeleton (D:3)
  An orc zombie (Ossuary)
  6 quokka zombies (Ossuary)
  7 rats
  3 rat zombies (Ossuary)
217 creatures vanquished.

Notes
Turn   | Place    | Note
-------+----------+-------------------------------------------
     0 | D:1      | bennofresh the Gargoyle Gladiator began the quest for the
                  | Orb.
     0 | D:1      | Reached XP level 1. HP: 12/12 MP: 1/1
   138 | D:1      | Reached XP level 2. HP: 14/18 MP: 2/2
   357 | D:1      | Reached XP level 3. HP: 14/22 MP: 3/3
  1538 | D:3      | Reached XP level 4. HP: 25/27 MP: 4/4
  1549 | D:3      | Found a glowing drain.
  1689 | D:3      | Reached skill level 1 in Armour
  1982 | D:3      | Noticed a big kobold
  1989 | D:3      | Killed a big kobold
  1989 | D:3      | Reached XP level 5. HP: 31/32 MP: 5/5
  2202 | D:4      | Reached XP level 6. HP: 33/36 MP: 6/6
  2264 | D:4      | Reached skill level 5 in Staves
  2442 | D:4      | Found an opulent altar of Gozag.
  2609 | D:4      | Reached XP level 7. HP: 41/41 MP: 5/7
  2911 | D:4      | Reached skill level 1 in Polearms
  3005 | D:5      | Entered Level 5 of the Dungeon
  3308 | D:5      | Reached skill level 2 in Polearms
  3347 | D:5      | Noticed Duvessa
  3348 | D:5      | Noticed Dowan
  3373 | D:5      | Killed Dowan
  3389 | D:5      | Killed Duvessa
  3389 | D:5      | Reached XP level 8. HP: 8/48 MP: 1/8
  3394 | D:5      | Reached skill level 3 in Polearms
  3416 | D:5      | Gained mutation: You passively map a small area around you.
                  | [potion of mutation]
  3416 | D:5      | Gained mutation: You are somewhat resistant to further
                  | mutation. [potion of mutation]
  3416 | D:5      | Gained mutation: You can translocate small distances at
                  | will. [potion of mutation]
  3717 | D:6      | Reached skill level 4 in Polearms
  3956 | D:6      | Found a staircase to the Ecumenical Temple.
  3996 | Temple   | Entered the Ecumenical Temple
  4205 | Temple   | Became a worshipper of Makhleb the Destroyer
  4341 | D:6      | Learned a level 4 spell: Summon Lightning Spire
  4358 | D:6      | Noticed Pikel
  4393 | D:6      | Killed Pikel
  4393 | D:6      | Reached skill level 5 in Fighting
  4393 | D:6      | Reached skill level 5 in Polearms
  4393 | D:6      | Reached skill level 5 in Armour
  4393 | D:6      | Reached XP level 9. HP: 39/54 MP: 5/9
  4623 | D:7      | Reached skill level 6 in Polearms
  5225 | D:7      | Reached * piety under Makhleb
  6166 | D:8      | Found a sand-covered staircase.
  6180 | Ossuary  | Entered an ossuary
  6229 | Ossuary  | Reached ** piety under Makhleb
  6431 | Ossuary  | Reached skill level 7 in Polearms
  6979 | D:9      | Noticed a deep troll
  6981 | D:9      | Noticed Murumi's ghost (novice OgCj)
  6982 | D:9      | Found a runed translucent door.
  7058 | D:9      | Killed Murumi's ghost
  7058 | D:9      | Reached skill level 8 in Polearms
  7058 | D:9      | Reached XP level 10. HP: 32/61 MP: 7/10
  7114 | D:9      | Reached *** piety under Makhleb
  7413 | D:9      | Killed a deep troll
  7670 | D:9      | Found a staircase to the Lair.
  7680 | Lair:1   | Entered Level 1 of the Lair of Beasts
  7761 | Lair:1   | Noticed a six-headed hydra
  7767 | Lair:1   | Reached skill level 9 in Polearms
  7774 | Lair:1   | HP: 3/63 [six-headed hydra (1)]
  7775 | Lair:1   | Slain by a basilisk

Illustrated notes

Levels and vault maps discovered:
D:1:      wander_arrival_lonely_grave, layout_loops_cross, serial_glass,
          glass_columns_b, glass_columns_c
D:2:      layout_basic
D:3:      layout_loops_ring, cheibrodos_sewer_entry_bend,
          chequers_serial_rivers_small_a, chequers_serial_rivers_large_a,
          uniq_crazy_yiuf_cottage
D:4:      wad_pebble_path, layout_cave_pools, old_standard_altar, serial_park,
          serial_park_tiny_1
D:5:      layout_cave_pools, minmay_small_thing, uniq_duvessa
D:6:      layout_basic, minmay_temple_entry_slanted, uniq_pikel
D:7:      layout_basic, minmay_bent
D:8:      kennysheep_windowed_halls, layout_basic, enter_ossuary_1,
          minmay_guarded_unrand_finisher
D:9:      layout_loops_ring, lair_entry_dummy, erik_orc_1,
          ebering_ghost_inner_flame, uniq_erolcha, uniq_psyche
Temple:   compressed_dpeg_triangle_lava_temple
Lair:1:   layout_regular_city, grunt_forest_stairs_basic,
          chequers_serial_rivers_small_b, st_stairs_6

Skill      XL: |  1  2  3  4  5  6  7  8  9 10 |
---------------+-------------------------------+-----
Dodging        | 3 4 |  4.1
Armour         | 2 3 5 6 7 |  7.4
Staves         | 4 5 |  5.9
Fighting       | 3 4 5 6 7 |  7.4
Polearms       | 2 5 8 9 |  9.0
Throwing       | |  1.9
Stealth        | |  0.6

Action                   |  1- 3 |  4- 6 |  7- 9 | 10-12 || total
-------------------------+-------+-------+-------+-------++-------
Melee: Quarterstaff      |   123 |   133 |       |       ||   256
       Trident           |       |       |   723 |   111 ||   834
       Staff             |       |       |    89 |       ||    89
Throw: Throwing net      |       |       |     1 |       ||     1
       Boomerang         |       |       |     1 |       ||     1
  Use: Scroll            |     6 |     4 |     9 |     2 ||    21
       Potion            |     2 |     1 |     9 |       ||    12
Armor: Leather armour    |    73 |       |       |       ||    73
       Ring mail         |     7 |    87 |    21 |       ||   115
       Plate armour      |       |       |   875 |    33 ||   908
       Chain mail        |       |       |       |    75 ||    75
Dodge: Dodged            |   102 |    98 |   417 |    67 ||   684

Table legend: (Time is in decaauts)
 A = Elapsed time spent in this place.
 B = Non-inter-level travel time spent in this place.
 C = Inter-level travel time spent in this place.
 D = Time resting spent in this place.
 E = Time spent auto-exploring this place.
 F = Levels seen in this place.
 G = Mean time per level.
                   A        B        C        D        E       F      G
               +--------+--------+--------+--------+--------+-----+--------+
         Total |   7761 |   7735 |     26 |      0 |      0 |  12 |  646.8 |
       Dungeon |   6986 |   6960 |     26 |      0 |      0 |   9 |  776.2 |
        Temple |    243 |    243 |      0 |      0 |      0 |   1 |  243.0 |
          Lair |     91 |     91 |      0 |      0 |      0 |   1 |   91.0 |
       Ossuary |    440 |    440 |      0 |      0 |      0 |   1 |  440.0 |
               +--------+--------+--------+--------+--------+-----+--------+

Top non-repeatable levels by time:
     D:7: 1253 daAuts
     D:2: 941 daAuts
     D:4: 840 daAuts
     D:9: 770 daAuts
     D:6: 728 daAuts
     D:3: 682 daAuts
     D:5: 655 daAuts
     D:1: 601 daAuts
     D:8: 514 daAuts
 Ossuary: 440 daAuts
  Temple: 243 daAuts
  Lair:1: 91 daAuts
